 Dungeon Crawl Stone Soup version 0.32-a0-792-g3d70bf0 (webtiles) character file.

Game seed: 11163012813257020101

98 Dorkslayer the Trooper (level 4, -11/31 HPs)
             Began as an Octopode Fighter on Mar 20, 2024.
             Mangled by an ogre zombie (14 damage)
             ... in an ossuary.
             The game lasted 00:03:59 (1254 turns).

Dorkslayer the Trooper (Octopode Fighter)           Turns: 1254, Time: 00:04:00

Health: -11/31     AC:  1    Str: 17    XL:     4   Next: 71%
Magic:  3/3        EV: 12    Int: 16    God:
Gold:   210        SH:  4    Dex: 11    Spells: 3/3 levels left

rFire   . . .        a - +0 war axe
rCold   . . .        b - +0 buckler
rNeg    . . .        (helmet restricted)
rPois   .            (no amulet)
rElec   .            h - +6 ring of intelligence
rCorr   .            (no ring)
SInv    .            (no ring)
Will    .....        (no ring)
Stlth   +++          (no ring)
HPRegen 0.25/turn    (no ring)
MPRegen 0.08/turn    (no ring)
                     (no ring)

%: no passive effects
@: about to teleport
A: almost no armour, amphibious, 8 rings, camouflage 1, gelatinous body 1,
(nimble swimmer 1), tentacles, antennae 1, tentacle spike 1, low MP 1
a: no special abilities


You were in an ossuary.
You visited 1 branch of the dungeon, and saw 3 of its levels.
You also visited: Ossuary.

You collected 210 gold pieces.

Inventory:

Hand Weapons
 a - a +0 war axe (weapon)
Armour
 b - a +0 buckler (worn)
 i - a +2 buckler
Jewellery
 h - a +6 ring of intelligence (left tentacle)
Scrolls
 g - a scroll of teleportation
Potions
 c - a potion of might
 f - 2 potions of berserk rage
 k - a potion of curing {unknown}


   Skills:
 + Level 3.5 Fighting
 + Level 3.3 Axes
 + Level 3.4 Dodging
 + Level 1.8 Stealth
 + Level 3.2 Shields


You had 3 spell levels left.
You didn't know any spells.
Your spell library was empty.

Dungeon Overview and Level Annotations

Branches:
Dungeon (4/15)            Ossuary (1/1)
 Temple: D:4-7

Altars:
Hepliaklqana
Trog


Innate Abilities, Weirdness & Mutations

You cannot wear most types of armour.
You are amphibious.
You can wear up to eight rings at the same time.
Your skin changes colour to match your surroundings (Stealth+).
Your rubbery body absorbs attacks. (AC +1, EV +1)
((You are camouflaged when in or above water. (Stealth+)))
You have tentacles for arms and can constrict up to eight enemies at once.
You have a pair of small antennae on your head.
One of your tentacles bears a spike.
Your magical capacity is low. (-10% MP)


Message History

You hit the centaur zombie but do no damage.
The centaur zombie closely misses you.
The centaur zombie completely misses you.
You hit the centaur zombie but do no damage.
You squeeze the centaur zombie, but do no damage.
The centaur zombie is moderately damaged.
The centaur zombie misses you. The centaur zombie kicks you.
The centaur zombie hits you. The centaur zombie kicks you.
You hit the centaur zombie. You squeeze the centaur zombie!
The centaur zombie is heavily damaged.
The centaur zombie barely misses you. You block the centaur zombie's attack.
The centaur zombie barely misses you. The centaur zombie closely misses you.
You slash the centaur zombie!
The centaur zombie is almost destroyed.
The centaur zombie closely misses you. The centaur zombie kicks you.
The centaur zombie hits you but does no damage.
The centaur zombie closely misses you.
You slash the centaur zombie!
You destroy the centaur zombie!
You hit the orc zombie. You grab the orc zombie. You squeeze the orc zombie.
You destroy the orc zombie!
You block the orc zombie's attack.
You hit the ogre zombie.
The ogre zombie is lightly damaged.
You completely miss the orc zombie. The ogre zombie hits you!
The orc zombie hits you.
You hit the ogre zombie. You squeeze the ogre zombie!
The ogre zombie is moderately damaged.
You barely miss the orc zombie. The ogre zombie hits you!
* * * LOW HITPOINT WARNING * * *
The orc zombie hits you but does no damage.
The orc zombie closely misses you.
It was a potion of mutation.
You feel extremely strange. A pair of antennae grows on your head!
You feel less energetic.
One of your lower tentacles grows a sharp spike.
Okay, then.
As you read the scroll labelled IPTAUS QANTOU, it crumbles to dust.
You feel strangely unstable.
It was a scroll of teleportation.
The ogre zombie hits you!
You die...

.....#
......#
........##
.........#
.....⌠....#
....⌠#⌠...#
#...⌠....#
#.....ZZ#
##.....@#
#......#
##.....#
#...###
#'''#
#...###
##.....#
#......#
##......#


You could see an orc zombie and an ogre zombie.

Vanquished Creatures
  A centaur zombie (Ossuary)
  5 adder zombies (Ossuary)
  2 dart slugs
  An orc (D:4)
  5 endoplasms
  2 giant cockroaches
  2 goblins
  7 hobgoblins
  7 ball pythons
  2 bats (D:1)
  3 frilled lizards (D:1)
  A hobgoblin zombie (Ossuary)
  2 kobolds
  2 orc zombies (Ossuary)
  4 rats (D:1)
46 creatures vanquished.

Notes
Turn   | Place    | Note
-------+----------+-------------------------------------------
     0 | D:1      | Dorkslayer the Octopode Fighter began the quest for the
                  | Orb.
     0 | D:1      | Reached XP level 1. HP: 16/16 MP: 1/1
    61 | D:1      | Reached XP level 2. HP: 17/21 MP: 2/2
   477 | D:1      | Reached XP level 3. HP: 26/26 MP: 3/3
   973 | D:2      | Reached skill level 1 in Stealth
  1032 | D:2      | You fall into a shaft and drop 2 floors!
  1032 | D:4      | Found a bloodstained altar of Trog.
  1099 | D:4      | Found a faded altar of an unknown god.
  1099 | D:4      | Found a faded altar of an unknown god.
  1099 | D:4      | Found a hazy altar of Hepliaklqana.
  1140 | D:4      | Noticed a centaur
  1177 | D:4      | Found a sand-covered staircase.
  1181 | Ossuary  | Entered an ossuary
  1223 | Ossuary  | Reached XP level 4. HP: 29/31 MP: 4/4
  1253 | Ossuary  | Gained mutation: You have a pair of small antennae on your
                  | head. [potion of mutation]
  1253 | Ossuary  | Gained mutation: Your magical capacity is low. (-10% MP)
                  | [potion of mutation]
  1253 | Ossuary  | Gained mutation: One of your tentacles bears a spike.
                  | [potion of mutation]
  1254 | Ossuary  | Mangled by an ogre zombie

Illustrated notes

Levels and vault maps discovered:
D:1:      dpeg_arrival_arbitrary_c, layout_basic,
          amcnicky_mini_corridor_feature, minmay_shallow_snake_nest
D:2:      layout_loops_ring, minmay_pentomino_q4
D:4:      layout_loops_ring, nicolae_hepliaklqana_ecumenical_no_more,
          nicolae_overflow_crystal_walls, enter_ossuary_5, st_stairs_2
Ossuary:  ossuary_hellmonk_silent_tomb

Skill      XL: |  1  2  3  4 |
---------------+-------------+-----
Stealth        | 1 |  1.8
Axes           | 3 |  3.3
Fighting       | |  3.5
Dodging        | |  3.4
Shields        | |  3.2

Action                     |  1- 3 |  4- 6 || total
---------------------------+-------+-------++-------
  Melee: War axe           |    58 |    15 ||    73
         Tentacles         |    12 |     5 ||    17
         Constrict         |    11 |     3 ||    14
    Use: Scroll            |     7 |     1 ||     8
         Potion            |       |     1 ||     1
   Stab: Sleeping          |     7 |       ||     7
         Distracted        |     1 |       ||     1
 Armour: Skin              |    20 |    12 ||    32
  Dodge: Dodged            |    26 |    22 ||    48
  Block: Buckler           |    14 |     6 ||    20

Table legend: (Time is in decaauts)
 A = Elapsed time spent in this place.
 B = Non-inter-level travel time spent in this place.
 C = Inter-level travel time spent in this place.
 D = Time resting spent in this place.
 E = Time spent auto-exploring this place.
 F = Levels seen in this place.
 G = Mean time per level.
                   A        B        C        D        E       F      G
               +--------+--------+--------+--------+--------+-----+--------+
         Total |   1283 |   1283 |      0 |      0 |    561 |   4 |  320.8 |
       Dungeon |   1201 |   1201 |      0 |      0 |    558 |   3 |  400.3 |
       Ossuary |     81 |     81 |      0 |      0 |      3 |   1 |   81.0 |
               +--------+--------+--------+--------+--------+-----+--------+

Top non-repeatable levels by time:
     D:1: 828 daAuts
     D:2: 221 daAuts
     D:4: 150 daAuts
 Ossuary: 81 daAuts
